[Event "Late-Titled-Tuesday-Blitz-February-13-2024"]
[Site "Chess.com"]
[Date "2024.02.13"]
[Round "7"]
[White "gunslinger222"]
[Black "gxbg2000"]
[Result "1-0"]
[WhiteElo "2255"]
[BlackElo "2055"]
[TimeControl "180+1"]
[EndTime "15:14:35 PST"]
[Termination "gunslinger222 won by resignation"]

1. d4 d5 2. Bf4 Nf6 3. e3 g6 4.
Nf3 Bg7 5. h3 O-O 6. c4 c6 7.
Nc3 Nbd7 8. cxd5 Nxd5 9. Nxd5 cxd5 10. Bd3 f6 11. Qb3 Nb6 12. Rc1 Kh8 13. Bc7 Qd7 14.
Bb5 Qe6 15. O-O Bd7 16. Bxb6 axb6 17. Bxd7 Qxd7 18. Qxb6 Rxa2 19. Rc7 Qd6 20. Qxd6 exd6 21. Rxb7 h5 22. Rc1 Rd8 23. Rcc7 Rg8 24. g4 hxg4 25. hxg4 Kh7 26. Rd7 Ra6 27. b4 Kh6 28. Kg2 Rc6 29. b5 Rcc8 30. Kg3 Rb8 31. Rxg7 1-0

[Event "Late-Titled-Tuesday-Blitz-February-13-2024"]
[Site "Chess.com"]
[Date "2024.02.13"]
[Round "7"]
[White "IraZyne"]
[Black "ValeriyGrinev"]
[Result "0-1"]
[WhiteElo "2332"]
[BlackElo "2516"]
[TimeControl "180+1"]
[EndTime "15:14:39 PST"]
[Termination "ValeriyGrinev won by resignation"]

1. e4 e5 2. Bc4 Nf6 3. d3 c6 4.
Qe2 d5 5. exd5 Bd6 6. Bg5 O-O 7. Nc3 h6 8. Bxf6 Qxf6 9. Ne4 Qg6 10. Nxd6 Qxd6 11. dxc6 Nxc6 12. Nf3 Bg4 13. h3 Nd4 14.
Qe4 Bxf3 15. gxf3 Nxc2+ 16. Kd2 Nxa1 17. Rxa1 b5 18. Bb3 a5 19. a3 a4 20. Ba2 Qd4 21. Qxd4 exd4 22. Bd5 Rac8 23. Rg1 Rc5 24. Ba2 Rfc8 25.
Bb1 Rf5 26. Rg3 Rg5 27. f4 Rxg3 28. fxg3 Re8 29. Ba2 Re3 30. Bd5 Rxg3 31. Bc6 Rxh3 32. Bxb5 Rh2+ 33. Kc1 h5 34. Bxa4 h4 35. Bc6 h3 36. a4 Rg2 37. a5 Rg1+ 38. Kc2 h2 39.
a6 h1=Q 40. Bxh1 Rxh1 41. b4 Ra1 42. b5 Ra5 43. Kb3 Rxb5+ 44. Ka4 Rb1 45. Ka5 f6 0-1

[Event "Late-Titled-Tuesday-Blitz-February-13-2024"]
[Site "Chess.com"]
[Date "2024.02.13"]
[Round "7"]
[White "Miguelito"]
[Black "SergioMoralesG"]
[Result "1-0"]
[WhiteElo "2763"]
[BlackElo "2522"]
[TimeControl "180+1"]
[EndTime "15:14:57 PST"]
[Termination "Miguelito won by resignation"]

1. e4 c5 2. Nf3 e6 3. d4 cxd4 4.
Nxd4 Nc6 5. a3 Qc7 6. Be3 Nf6 7. Nc3 a6 8. f4 d6 9. Qf3 Be7 10. O-O-O O-O 11. Nxc6 Qxc6 12. g4 b5 13. g5 Nd7 14.
Bd3 Bb7 15. Qh5 Nc5 16. Rhg1 Nxd3+ 17. Rxd3 a5 18. Bd4 e5 19. Rh3 f6 20. Nd5 Bd8 21. gxf6 Bxf6 22. Rxg7+ 1-0

[Event "Late-Titled-Tuesday-Blitz-February-13-2024"]
[Site "Chess.com"]
[Date "2024.02.13"]
[Round "7"]
[White "picturesquecheck"]
[Black "miraitrunks"]
[Result "1-0"]
[WhiteElo "2405"]
[BlackElo "2209"]
[TimeControl "180+1"]
[EndTime "15:14:57 PST"]
[Termination "picturesquecheck won by resignation"]

1. e4 c5 2. Nf3 d6 3. d4 cxd4 4. Nxd4 Nf6 5. Nc3 g6 6. Be3 Bg7 7. Bc4 O-O 8. Bb3 Nc6 9. f3 Na5 10. Qd2 Nxb3 11. cxb3 d5 12. e5 Nd7 13. f4 Nc5 14. O-O a6 15. b4 Ne6 16. a3 Nxd4 17. Bxd4 Bf5 18. Rfd1 e6 19. h3 h5 20. Qe2 Qh4 21.
Qf2 Qxf2+ 22. Kxf2 Rac8 23. Rac1 Rc4 24. Bc5 Rc8 25.
Ne2 Rxc1 26. Rxc1 g5 27. Be3 Rxc1 28. Nxc1 g4 29. hxg4 hxg4 30. g3 f6 31. Bd4 fxe5 32.
fxe5 Kf7 33. Nb3 Bf8 34. Bc5 Bd3 35. Bxf8 Kxf8 36. Nc5 Bc4 37. Nxe6+ Ke7 38. Nf4 Bb3 39. Ke3 1-0

[Event "Late-Titled-Tuesday-Blitz-February-13-2024"]
[Site "Chess.com"]
[Date "2024.02.13"]
[Round "7"]
[White "SCIM"]
[Black "noblerone"]
[Result "0-1"]
[WhiteElo "2579"]
[BlackElo "2473"]
[TimeControl "180+1"]
[EndTime "15:15:07 PST"]
[Termination "noblerone won by resignation"]

1. e4 c5 2. Nf3 e6 3. d4 cxd4 4. Nxd4 Qb6 5. Nb3 Qc7 6. Nc3 a6 7. Bd3 Nf6 8. O-O b5 9. Re1 Bb7 10. Bg5 d6 11. Nd5 exd5 12. exd5+ Be7 13. Bxf6 gxf6 14.
Nd4 Nd7 15. Qh5 Ne5 16. f4 Qc5 17. Re4 Bxd5 18. b4 Qc3 19. Rae1 Bxe4 20. Rxe4 d5 21. Nxb5 Qa1+ 22. Kf2 dxe4 23. fxe5 Qxe5 0-1

[Event "Late-Titled-Tuesday-Blitz-February-13-2024"]
[Site "Chess.com"]
[Date "2024.02.13"]
[Round "7"]
[White "CarlosjPineror"]
[Black "ckgchess"]
[Result "0-1"]
[WhiteElo "2690"]
[BlackElo "2869"]
[TimeControl "180+1"]
[EndTime "15:15:10 PST"]
[Termination "ckgchess won by resignation"]

1. e4 e5 2. Nf3 Nf6 3. Nxe5 d5 4.
d4 Nxe4 5. Bd3 Nd7 6. O-O Nxe5 7.
dxe5 Nc5 8. Be2 Bf5 9. Nd2 c6 10. Nf3 Ne6 11. h3 Bc5 12. Bd3 Bxd3 13. Qxd3 O-O 14.
c3 Re8 15. Be3 Qb6 16. Bxc5 Nxc5 17. Qc2 Ne4 18. Rfe1 Re6 19. c4 Rd8 20. Rad1 h6 21. b3 a5 22. Qd3 Qxf2+ 23. Kh1 Qxe1+ 0-1

[Event "Late-Titled-Tuesday-Blitz-February-13-2024"]
[Site "Chess.com"]
[Date "2024.02.13"]
[Round "7"]
[White "maxip32"]
[Black "TheAlienParty"]
[Result "1-0"]
[WhiteElo "2658"]
[BlackElo "2417"]
[TimeControl "180+1"]
[EndTime "15:15:16 PST"]
[Termination "maxip32 won by checkmate"]

1. e4 e5 2. Nf3 Nc6 3. Bc4 Bc5 4. O-O Nf6 5. d3 O-O 6. Nbd2 a5 7. h3 h6 8. Re1 Re8 9. a3 Bf8 10. Nf1 d6 11. c3 Be6 12. Bb5 g6 13. Ng3 Bg7 14.
d4 Bd7 15. d5 Ne7 16. Bxd7 Nxd7 17. c4 a4 18. b4 axb3 19. Qxb3 Nc5 20. Qc2 Rf8 21.
Be3 Qd7 22. Bxc5 dxc5 23. a4 Nc8 24. a5 Nd6 25. Nd2 b6 26. axb6 cxb6 27. Reb1 Qc7 28. Qb3 Rxa1 29. Rxa1 f5 30. Ra6 Rb8 31. Qa4 Kf7 32. Qc2 f4 33. Ngf1 Bf8 34. Qa4 Rb7 35. Nh2 h5 36. Nhf3 Kf6 37. Nxe5 Kxe5 38. Qa1# 1-0

[Event "Late-Titled-Tuesday-Blitz-February-13-2024"]
[Site "Chess.com"]
[Date "2024.02.13"]
[Round "7"]
[White "koncheto"]
[Black "rikchessmx"]
[Result "1-0"]
[WhiteElo "2478"]
[BlackElo "2298"]
[TimeControl "180+1"]
[EndTime "15:15:23 PST"]
[Termination "koncheto won by resignation"]

1. e4 e5 2. Nf3 Nc6 3. d4 exd4 4. Bc4 Qf6 5. O-O h6 6. c3 d3 7. e5 Qf5 8. Bxd3 Qh5 9. Re1 Bc5 10. a4 a5 11. Nbd2 Nge7 12. Ne4 Ba7 13. Ng3 Qg4 14. Re4 Qe6 15. Bc4 Qg6 16. Nh4 Qh7 17. Qh5 O-O 18.
Nhf5 Ng6 19. Bxh6 d5 20. Bxd5 gxh6 21. Nxh6+ Kg7 22. Ngf5+ Bxf5 23. Nxf5+ Kh8 24. Qg5 Ncxe5 25. Qf6+ Kg8 26. Rxe5 Rfd8 27. Bxf7+ 1-0

[Event "Late-Titled-Tuesday-Blitz-February-13-2024"]
[Site "Chess.com"]
[Date "2024.02.13"]
[Round "7"]
[White "rdarruda"]
[Black "StarkyNZ"]
[Result "1-0"]
[WhiteElo "2518"]
[BlackElo "2338"]
[TimeControl "180+1"]
[EndTime "15:15:26 PST"]
[Termination "rdarruda won by resignation"]

1. Nf3 d5 2. d4 Nf6 3. c4 e6 4.
e3 Be7 5. Nc3 a6 6. cxd5 exd5 7.
Bd3 O-O 8. O-O Bg4 9. h3 Bh5 10.
Qb3 Bxf3 11. gxf3 Nc6 12. f4 Qd7 13. Kg2 b5 14. a3 Rab8 15. Qc2 Rb6 16. b4 h6 17. Bd2 Rfb8 18. Ne2 Nd8 19. Ng3 Bd6 20. Rac1 c6 21. Bf5 Qe7 22. Rg1 Kh8 23. Kh1 Ne6 24.
Rg2 R6b7 25. Rcg1 Nc7 26. Qxc6 Na8 27. Qc2 Nb6 28. Bd3 Nc4 29. Nf5 Qd7 30. Rxg7 1-0

[Event "Late-Titled-Tuesday-Blitz-February-13-2024"]
[Site "Chess.com"]
[Date "2024.02.13"]
[Round "7"]
[White "mbojan"]
[Black "aghasiyevkamal"]
[Result "1-0"]
[WhiteElo "2855"]
[BlackElo "2661"]
[TimeControl "180+1"]
[EndTime "15:15:36 PST"]
[Termination "mbojan won by checkmate"]

1. e4 e5 2. Nf3 Nc6 3. Bb5 a6 4. Ba4 Nf6 5. O-O b5 6. Bb3 Bc5 7. c3 d6 8. d4 Bb6 9. Be3 Bg4 10. Nbd2 exd4 11. cxd4 Nxd4 12. Bxd4 Bxd4 13. Bxf7+ Ke7 14.
Qb3 Bb6 15. h3 Qf8 16. Bd5 Nxd5 17. exd5 Bf5 18. Rae1+ Kd7 19. Ng5 Qf6 20. Ne6 Rae8 21. Ne4 Qg6 22. Qc2 Bxe6 23. Qc6+ Kd8 24. dxe6 Qxe6 25.
Nc5 Qf5 26. Nb7+ Kc8 27. Nxd6+ Kb8 28. Qb7# 1-0

[Event "Late-Titled-Tuesday-Blitz-February-13-2024"]
[Site "Chess.com"]
[Date "2024.02.13"]
[Round "7"]
[White "korkmaz16"]
[Black "A-Fier"]
[Result "0-1"]
[WhiteElo "2440"]
[BlackElo "2776"]
[TimeControl "180+1"]
[EndTime "15:15:39 PST"]
[Termination "A-Fier won by resignation"]

1. e4 Nf6 2. e5 Nd5 3. d4 d6 4. c4 Nb6 5. exd6 cxd6 6. Nc3 g6 7. Be3 Bg7 8. Rc1 O-O 9. b3 Bf5 10. Nf3 Bg4 11. Be2 Nc6 12. O-O d5 13. c5 Nc8 14.
h3 Bxf3 15. Bxf3 e6 16. b4 N8e7 17. b5 Na5 18. Re1 Nf5 19. Be2 a6 20. bxa6 bxa6 21. Na4 Nc6 22. Nb6 Ra7 23. Qa4 Nfxd4 24. Bxd4 Nxd4 25. Bxa6 Qg5 26. Kf1 Qf4 27. c6 Qh2 28. f3 Be5 29. c7 Bxc7 30. Qxd4 Rxa6 31. Nd7 Qh1+ 32. Qg1 Qxg1+ 33. Kxg1 Bb6+ 34. Kf1 Rd8 35. Ne5 Rxa2 36. Re2 Rda8 37. Rb1 Ra1 38. Rb2 Bd4 39. Rb8+ Rxb8 0-1

[Event "Late-Titled-Tuesday-Blitz-February-13-2024"]
[Site "Chess.com"]
[Date "2024.02.13"]
[Round "7"]
[White "MusicCityMaster"]
[Black "combidharma"]
[Result "0-1"]
[WhiteElo "2466"]
[BlackElo "2705"]
[TimeControl "180+1"]
[EndTime "15:15:40 PST"]
[Termination "combidharma won by resignation"]

1. d4 Nf6 2. c4 c5 3. d5 e6 4. Nc3 exd5 5. cxd5 d6 6. Nf3 g6 7. h3 Bg7 8. Bf4 O-O 9. e3 a6 10.
a4 Re8 11. Bd3 Qe7 12. O-O Nbd7 13. Re1 Nh5 14. Bh2 Ne5 15. Be2 Nxf3+ 16. Bxf3 Nf6 17. e4 Nd7 18. Rc1 Rb8 19. Be2 Be5 20. Bxe5 Qxe5 21. Qd2 Nf6 22. f4 Qd4+ 23. Qxd4 cxd4 24. e5 dxe5 25. fxe5 Rxe5 26. Na2 Nxd5 27. Bc4 Ne3 28. Nb4 Nxc4 29. Rxe5 Nxe5 30. Nd5 Be6 31. Nf6+ Kg7 32.
Ne4 d3 0-1

[Event "Late-Titled-Tuesday-Blitz-February-13-2024"]
[Site "Chess.com"]
[Date "2024.02.13"]
[Round "7"]
[White "el008"]
[Black "Defenstrator"]
[Result "1-0"]
[WhiteElo "2559"]
[BlackElo "2376"]
[TimeControl "180+1"]
[EndTime "15:15:41 PST"]
[Termination "el008 won by resignation"]

1. Nf3 d5 2. b3 f6 3. d4 e5 4. dxe5 Nc6 5. Bb2 Bc5 6. e3 Qe7 7. Bb5 Bg4 8. Qxd5 Rd8 9. Qe4 Bxf3 10. Qxf3 fxe5 11. Bxc6+ bxc6 12. Qxc6+ Kf7 13. O-O Nf6 14. Nc3 Rd2 15. Ne4 Nxe4 16. Qxe4 Rhd8 17. Bc3 R2d5 18. Qf3+ Kg8 19. Rad1 e4 20. Qe2 Rg5 21. Qc4+ Kh8 22. Rxd8+ Qxd8 23. Qxe4 Bd6 24. f4 Rc5 25. Qd4 Qf8 26.
Rd1 Rf5 27. Qe4 Rf7 28. Bd4 c5 29. Be5 Be7 30. Rd7 a5 31. a4 Qc8 32. Bxg7+ Rxg7 33. Rxe7 Qg4 34. Re8+ 1-0

[Event "Late-Titled-Tuesday-Blitz-February-13-2024"]
[Site "Chess.com"]
[Date "2024.02.13"]
[Round "7"]
[White "Kostukov_Alex"]
[Black "BardArtem"]
[Result "0-1"]
[WhiteElo "2321"]
[BlackElo "2767"]
[TimeControl "180+1"]
[EndTime "15:15:47 PST"]
[Termination "BardArtem won by resignation"]

1. g3 e5 2. c4 Nf6 3. Bg2 c6 4.
a3 d5 5. cxd5 cxd5 6. d4 e4 7. Nc3 h6 8. Nh3 Nc6 9. O-O Bd6 10. f3 exf3 11. exf3 O-O 12. Nf4 Bc7 13.
Be3 Re8 14. Bf2 Bxf4 15. gxf4 Bf5 16. Re1 Qd7 17. Re5 Bh3 18. Bxh3 Qxh3 19. Qf1 Qxf1+ 20.
Kxf1 Nxe5 21. fxe5 Nh5 22. Nxd5 Rad8 23. Nc7 Re7 24.
Nb5 a6 25. Nd6 Nf4 26. Rc1 f6 27. Nf5 Rf7 28. Bg3 fxe5 0-1

[Event "Late-Titled-Tuesday-Blitz-February-13-2024"]
[Site "Chess.com"]
[Date "2024.02.13"]
[Round "7"]
[White "Sokoloco"]
[Black "subham777"]
[Result "1-0"]
[WhiteElo "2803"]
[BlackElo "2535"]
[TimeControl "180+1"]
[EndTime "15:15:48 PST"]
[Termination "Sokoloco won by resignation"]

1. b3 d5 2. Bb2 e6 3. e3 Nf6 4. d4 Be7 5. Nd2 O-O 6. Bd3 b6 7. Ngf3 Bb7 8. Ne5 Nbd7 9. f4 Ne4 10. O-O f5 11. c4 c5 12. cxd5 exd5 13. Bb5 Nxe5 14.
dxe5 a6 15. Be2 d4 16. Nxe4 Bxe4 17. exd4 cxd4 18. Bxd4 Qd5 19. Bc4 Rad8 20. Qe2 Qxc4 21. Qxc4+ Kh8 22. Bxb6 Rd2 23. Rf2 Rd7 24. Qe6 Rb7 25.
Rc1 Ba3 26. Rc8 Rb8 27. Rxb8 Rxb8 28. Bc7 Ra8 29. Rd2 1-0

[Event "Late-Titled-Tuesday-Blitz-February-13-2024"]
[Site "Chess.com"]
[Date "2024.02.13"]
[Round "7"]
[White "FMJoseHerrera"]
[Black "ChessLover0108"]
[Result "1-0"]
[WhiteElo "2722"]
[BlackElo "2962"]
[TimeControl "180+1"]
[EndTime "15:15:49 PST"]
[Termination "FMJoseHerrera won by resignation"]

1. Nf3 g6 2. g3 Bg7 3. Bg2 c5 4. d3 b6 5. Nc3 Bb7 6. h4 Nf6 7. e4 O-O 8. h5 Nxh5 9. Bg5 Nc6 10. Qd2 Re8 11. Bh6 e5 12. Bxg7 Kxg7 13. O-O-O Nd4 14. Rh4 Rh8 15. Nxe5 d6 16. Ng4 h6 17. Ne3 b5 18.
Rdh1 b4 19. Ncd5 Nf6 20. Rxh6 Rxh6 21. Rxh6 Nxd5 22. exd5 Qf6 23. Rh4 Qg5 24. c3 bxc3 25. bxc3 Nf5 26. Nxf5+ Qxf5 27. Qh6+ Kf6 28. Rf4 1-0

[Event "Late-Titled-Tuesday-Blitz-February-13-2024"]
[Site "Chess.com"]
[Date "2024.02.13"]
[Round "7"]
[White "Chessdude1987"]
[Black "andjela_djidjika"]
[Result "0-1"]
[WhiteElo "2368"]
[BlackElo "2140"]
[TimeControl "180+1"]
[EndTime "15:15:49 PST"]
[Termination "andjela_djidjika won by resignation"]

1. e4 c5 2. Nf3 Nc6 3. Bb5 g6 4. O-O Bg7 5. Nc3 e5 6. Nd5 Nge7 7. Re1 a6 8. Bf1 O-O 9. c3 d6 10. h3 Be6 11. Nxe7+ Qxe7 12. d3 h6 13. Be3 Rad8 14. d4 cxd4 15. cxd4 d5 16. exd5 Bxd5 17. Nxe5 Nxe5 18.
dxe5 Bxg2 19. Bxg2 Rxd1 20. Raxd1 Qxe5 21. Bd4 Qb5 22.
Bxg7 Kxg7 23. b3 Re8 24. Rxe8 Qxe8 25. Bxb7 Qe2 26. Rf1 Qxa2 27. Bd5 a5 28. Re1 Qd2 29. Re5 Qd4 30. Re3 Qxd5 31. Rg3 Qd1+ 32. Kg2 a4 33. bxa4 Qxa4 34. Re3 Qa8+ 35. Kg1 Qd5 36. Rg3 Kf6 37. Re3 Kg5 38. Rg3+ Kh4 39. Re3 f5 40.
Rg3 g5 41. Re3 f4 42. Rc3 f3 43. Re3 Kxh3 44. Re1 Qf5 0-1

[Event "Late-Titled-Tuesday-Blitz-February-13-2024"]
[Site "Chess.com"]
[Date "2024.02.13"]
[Round "7"]
[White "BabageldiAnnaberdiyev"]
[Black "BeardedNM"]
[Result "1-0"]
[WhiteElo "2622"]
[BlackElo "2152"]
[TimeControl "180+1"]
[EndTime "15:15:50 PST"]
[Termination "BabageldiAnnaberdiyev won by resignation"]

1. e4 e6 2. d4 d5 3. e5 c5 4. c3 Qb6 5. Nf3 Nc6 6. a3 Nh6 7. b4 cxd4 8. cxd4 Nf5 9. Bb2 Bd7 10. g4 Nh6 11. h3 f6 12. Nc3 Nf7 13. Na4 Qd8 14.
Rc1 fxe5 15. dxe5 Rc8 16. Nc5 Bxc5 17. Rxc5 O-O 18. Bd3 Ng5 19. Nxg5 Qxg5 20. Qe2 b6 21. Rc2 Be8 22. O-O Bg6 23. Bxg6 Qxg6 24. Rfc1 Ne7 25. Rxc8 Rxc8 26. Rxc8+ Nxc8 27. Qb5 h5 28. Qd7 Qb1+ 29. Kg2 Qxb2 30. Qxc8+ Kh7 31. Qxe6 hxg4 32.
hxg4 Qd4 33. Qf5+ Kg8 34. e6 Qf6 35. Qxf6 gxf6 36. f4 1-0

[Event "Late-Titled-Tuesday-Blitz-February-13-2024"]
[Site "Chess.com"]
[Date "2024.02.13"]
[Round "7"]
[White "Jamal-Jamal-Jamal"]
[Black "expii"]
[Result "1-0"]
[WhiteElo "2261"]
[BlackElo "2169"]
[TimeControl "180+1"]
[EndTime "15:15:53 PST"]
[Termination "Jamal-Jamal-Jamal won on time"]

1. d4 d5 2. c4 e6 3. Nc3 c5 4.
cxd5 exd5 5. Nf3 Nc6 6. g3 Nf6 7. Bg2 cxd4 8. Nxd4 Bc5 9. Nxc6 bxc6 10. O-O O-O 11.
Bf4 Bd6 12. Bxd6 Qxd6 13. Rc1 Bf5 14. Na4 Rab8 15. b3 Rbc8 16. Nc5 Qe7 17. Re1 Rfe8 18. Qd4 Ne4 19. e3 Nxc5 20. Qxc5 Qxc5 21. Rxc5 Bd7 22.
Rec1 g6 23. h4 Kf8 24. b4 a6 25. Bf1 Ra8 26. Ra5 Reb8 27. a3 Rb6 28. Be2 Ke7 29. Kf1 Kd6 30. Ke1 f5 31. Kd2 Kc7 32. b5 Kb7 33.
bxa6+ 1-0

[Event "Late-Titled-Tuesday-Blitz-February-13-2024"]
[Site "Chess.com"]
[Date "2024.02.13"]
[Round "7"]
[White "BozeKat"]
[Black "GaiozNigalidze"]
[Result "0-1"]
[WhiteElo "2053"]
[BlackElo "2655"]
[TimeControl "180+1"]
[EndTime "15:15:56 PST"]
[Termination "GaiozNigalidze won by resignation"]

1. c4 Nf6 2. g3 g6 3. Bg2 Bg7 4. Nc3 O-O 5. e4 d6 6. Nge2 c5 7.
O-O Bg4 8. h3 Bxe2 9. Qxe2 Nc6 10.
d3 Nd4 11. Qd1 Nd7 12. Ne2 Rb8 13. Nxd4 Bxd4 14. Qc2 Ne5 15. Be3 Nc6 16. a3 b5 17.
Rab1 bxc4 18. dxc4 a5 19. Bh6 Re8 20. Kh2 Rb6 21.
f4 Bg7 22. Bxg7 Kxg7 23. f5 Nd4 24. Qc3 Rb3 25. Qd2 f6 26. Rfc1 Qb6 27. fxg6 hxg6 28. Rc3 Rb8 29. Rxb3 Qxb3 30. Qxa5 Qc2 31. Qa7 Nf3+ 32.
Kh1 Qxb1+ 0-1

[Event "Late-Titled-Tuesday-Blitz-February-13-2024"]
[Site "Chess.com"]
[Date "2024.02.13"]
[Round "7"]
[White "deribas12345"]
[Black "LastHeroJr"]
[Result "1/2-1/2"]
[WhiteElo "2626"]
[BlackElo "2498"]
[TimeControl "180+1"]
[EndTime "15:15:57 PST"]
[Termination "Game drawn by repetition"]

1. d4 Nf6 2. c4 e6 3. Nc3 d5 4.
cxd5 exd5 5. Bg5 c6 6. e3 Bf5 7. Qf3 Bg6 8. Bxf6 Qxf6 9. Qxf6 gxf6 10. h4 h5 11. Nh3 Nd7 12. Nf4 Bd6 13. g3 Bxf4 14.
gxf4 Bf5 15. Be2 Nb6 16. O-O-O Kd7 17. Rhg1 Rag8 18. Rxg8 Rxg8 19. Bxh5 Rh8 20. Bf3 Rxh4 21. Rh1 Rxh1+ 22. Bxh1 Kd6 23. b3 Nd7 24. Bf3 Nf8 25. Kd2 Ng6 26. Bh5 Be6 27. Bd1 Nh4 28. f3 Bd7 29. e4 Ng6 30. e5+ fxe5 31. fxe5+ Ke7 32. Ke3 Bf5 33. f4 Nf8 34. Ne2 Bg4 35. Bc2 Bxe2 36. Kxe2 Ne6 37. Ke3 b6 38. f5 Nc7 39.
f6+ Ke8 40. Bf5 Nb5 41. a4 Nc7 42. Bh3 Ne6 43. Bxe6 fxe6 44. b4 a5 45. Kd3 Kf7 46. Kc3 Kg6 47. Kb3 Kf7 48. bxa5 bxa5 49. Kc3 Kg6 50. Kd3 Kh6 51. Ke3 Kg6 52. Kf4 Kh6 53. Kg4 Kg6 54. Kh4 Kh6 55. Kg4 Kg6 56. Kf4 Kh6 57. Kg4 1/2-1/2

[Event "Late-Titled-Tuesday-Blitz-February-13-2024"]
[Site "Chess.com"]
[Date "2024.02.13"]
[Round "7"]
[White "pinguino120"]
[Black "dennisodessa"]
[Result "1-0"]
[WhiteElo "2374"]
[BlackElo "2572"]
[TimeControl "180+1"]
[EndTime "15:15:59 PST"]
[Termination "pinguino120 won by resignation"]

1. d4 Nf6 2. c4 e6 3. Nf3 Bb4+ 4. Bd2 a5 5. g3 b6 6. Bg2 Bb7 7. O-O O-O 8. Nc3 d6 9. Qc2 Nbd7 10. Rfe1 Bxc3 11.
Bxc3 Be4 12. Qd2 Qe7 13. Qf4 Rfe8 14. Rad1 Rad8 15. h4 h6 16. g4 e5 17. Qg3 Qe6 18.
g5 Nh5 19. Qh2 Nf4 20. d5 Qg4 21. Qg3 Qxg3 22. fxg3 Nxg2 23. Kxg2 hxg5 24. hxg5 f6 25. gxf6 Nxf6 26. Bd2 Ng4 27. Bg5 Rd7 28. Rh1 Rf7 29.
Rh4 Ref8 30. Rxg4 Rxf3 31. Rxe4 Rf2+ 32. Kg1 1-0

[Event "Late-Titled-Tuesday-Blitz-February-13-2024"]
[Site "Chess.com"]
[Date "2024.02.13"]
[Round "7"]
[White "KNVB"]
[Black "Malev212"]
[Result "0-1"]
[WhiteElo "2839"]
[BlackElo "2690"]
[TimeControl "180+1"]
[EndTime "15:16:07 PST"]
[Termination "Malev212 won on time"]

1. d4 g6 2. c4 Bg7 3. e4 d6 4.
Nc3 c5 5. d5 Bxc3+ 6. bxc3 e5 7. f4 exf4 8. Bxf4 Qh4+ 9. g3 Qe7 10. Bd3 Nf6 11. Nf3 Nbd7 12. h3 h6 13. O-O g5 14.
Bxd6 Qxd6 15. e5 Qc7 16. Qe1 O-O 17. exf6 Nxf6 18. Nxg5 Re8 19. Qf2 hxg5 20. Rae1 Bxh3 0-1

[Event "Late-Titled-Tuesday-Blitz-February-13-2024"]
[Site "Chess.com"]
[Date "2024.02.13"]
[Round "7"]
[White "deepfear"]
[Black "Cristi_Coca"]
[Result "0-1"]
[WhiteElo "1988"]
[BlackElo "2376"]
[TimeControl "180+1"]
[EndTime "15:16:07 PST"]
[Termination "Cristi_Coca won on time"]

1. e4 c5 2. Nc3 e6 3. g3 Nc6 4.
Bg2 g6 5. d3 Bg7 6. Be3 d6 7. Qd2 Nge7 8. Nf3 Nd4 9. O-O Nec6 10. Nd1 Rb8 11. c3 Nxf3+ 12. Bxf3 b5 13. Bh6 O-O 14.
Bxg7 Kxg7 15. Re1 b4 16. d4 bxc3 17. bxc3 cxd4 18. cxd4 e5 19. d5 Nd4 20. Bg2 Bg4 21. Re3 Qb6 22. h3 Bxd1 23. Qxd1 Rfc8 24. Kh1 Qb2 25.
Qf1 Rc2 26. Kg1 Rbc8 27. Rb1 Qxa2 28. h4 a5 29. h5 a4 30. g4 Qxb1 31. Qxb1 Rc1+ 32.
Re1 Rxb1 33. Rxb1 a3 0-1

[Event "Late-Titled-Tuesday-Blitz-February-13-2024"]
[Site "Chess.com"]
[Date "2024.02.13"]
[Round "7"]
[White "Hirna2005"]
[Black "Doudou2015"]
[Result "1-0"]
[WhiteElo "2298"]
[BlackElo "2181"]
[TimeControl "180+1"]
[EndTime "15:16:08 PST"]
[Termination "Hirna2005 won by resignation"]

1. e4 c5 2. c3 Nf6 3. e5 Nd5 4. Nf3 Nc6 5. Bc4 Nb6 6. Bb3 d5 7. exd6 Qxd6 8. O-O e6 9. d4 cxd4 10. cxd4 Be7 11. Nc3 Bf6 12. Be3 O-O 13. Ne4 Qe7 14.
Rc1 Nb4 15. Nxf6+ gxf6 16. Bh6 Rd8 17. a3 N4d5 18. Ne5 Kh8 19. Ng4 Rg8 20. Qf3 f5 21. Ne3 Qf6 22. Nxd5 Qxh6 23. Ne7 Rg4 24. Nxc8 Rxc8 25.
Rxc8+ Nxc8 26. Qxb7 Rg8 27. Qxf7 Qg5 28. g3 1-0

[Event "Late-Titled-Tuesday-Blitz-February-13-2024"]
[Site "Chess.com"]
[Date "2024.02.13"]
[Round "7"]
[White "Rinqed222"]
[Black "ArchibaldCerveza29"]
[Result "0-1"]
[WhiteElo "2267"]
[BlackElo "2502"]
[TimeControl "180+1"]
[EndTime "15:16:11 PST"]
[Termination "ArchibaldCerveza29 won by resignation"]

1. e4 c5 2. Nc3 a6 3. g3 b5 4.
Bg2 Bb7 5. d3 e6 6. f4 d5 7. Qe2 b4 8. Nd1 Nf6 9. Nf2 Be7 10. e5 Nfd7 11. Nf3 Nc6 12. O-O Nb6 13. g4 Qc7 14. f5 O-O-O 15. Bf4 h5 16. h3 Rdg8 17.
c3 g5 18. Bh2 hxg4 19. hxg4 exf5 20. gxf5 g4 21. f6 gxf3 22. Qxf3 Nxe5 23. Qf5+ Nbd7 24. Nh3 Bd6 25. Rae1 d4 26. Ng5 Rxh2 27. Kxh2 Nf3+ 0-1

[Event "Late-Titled-Tuesday-Blitz-February-13-2024"]
[Site "Chess.com"]
[Date "2024.02.13"]
[Round "7"]
[White "trriinu"]
[Black "akanga001"]
[Result "1-0"]
[WhiteElo "2254"]
[BlackElo "2020"]
[TimeControl "180+1"]
[EndTime "15:16:16 PST"]
[Termination "trriinu won on time"]

1. e4 e6 2. d4 d5 3. Nd2 Nf6 4.
e5 Nfd7 5. Bd3 c5 6. c3 Nc6 7. Ne2 cxd4 8. cxd4 Bb4 9. O-O O-O 10. Nf3 Qe7 11.
Bg5 f6 12. exf6 Nxf6 13. Ne5 Bd6 14. f4 Qc7 15. Rc1 Qb6 16. Nxc6 bxc6 17. b3 e5 18. fxe5 Bxe5 19. Kh1 Bd6 20. Bxf6 gxf6 21. Nf4 Rf7 22. Nh5 Qc7 23. Nxf6+ Kh8 24. Qh5 1-0

[Event "Late-Titled-Tuesday-Blitz-February-13-2024"]
[Site "Chess.com"]
[Date "2024.02.13"]
[Round "7"]
[White "scandalgod"]
[Black "Burgsvik"]
[Result "1-0"]
[WhiteElo "2511"]
[BlackElo "2316"]
[TimeControl "180+1"]
[EndTime "15:16:20 PST"]
[Termination "scandalgod won by checkmate"]

1. d4 c5 2. d5 d6 3. e4 g6 4.
Nf3 Bg7 5. Be2 Na6 6. O-O Nc7 7. a4 Bd7 8. Nc3 a6 9. Re1 b5 10. axb5 axb5 11. Rxa8 Qxa8 12. Bf1 b4 13. Nb1 Nf6 14. Nbd2 O-O 15. Nc4 Bb5 16. Bg5 Bxc4 17. Bxc4 h6 18. Bh4 g5 19. Bg3 Nh5 20. e5 Nxg3 21. hxg3 Kh8 22.
b3 Rd8 23. exd6 exd6 24. Re7 Qc8 25. Nxg5 Rf8 26. Nxf7+ Kg8 27. Qh5 Ne8 28. Nxh6+ Bxh6 29. Qxh6 Qf5 30. f3 Nf6 31. Qg7# 1-0

[Event "Late-Titled-Tuesday-Blitz-February-13-2024"]
[Site "Chess.com"]
[Date "2024.02.13"]
[Round "7"]
[White "YellowJacek"]
[Black "Qingdom"]
[Result "1/2-1/2"]
[WhiteElo "2383"]
[BlackElo "2203"]
[TimeControl "180+1"]
[EndTime "15:16:23 PST"]
[Termination "Game drawn - insufficient material"]

1. e4 c5 2. Nf3 Nc6 3. d4 cxd4 4. Nxd4 e5 5. Nb5 d6 6. N1c3 a6 7. Na3 Be7 8. Nd5 Nf6 9. Nxf6+ Bxf6 10. Nc4 O-O 11.
Ne3 Bg5 12. h4 Bh6 13. c3 Be6 14. Nd5 Bxc1 15. Rxc1 b5 16. Be2 Ne7 17. Nxe7+ Qxe7 18. g3 Rfd8 19. Bf3 a5 20. a3 Qb7 21. O-O d5 22.
exd5 Bxd5 23. Bxd5 Rxd5 24. Qe2 Rad8 25. Rcd1 f6 26.
Qe4 Qd7 27. Rxd5 Qxd5 28. Qe2 b4 29. cxb4 axb4 30. axb4 Qb3 31. b5 Qd3 32. Qxd3 Rxd3 33. Rb1 Rb3 34. Kf1 Kf7 35. Ke2 Ke6 36. Kd2 Kd5 37. Kc2 Rxb5 38. Kc3 Ke4 39. Kc4 Rb8 40. b4 Rc8+ 41. Kb5 Kf3 42. Rb2 f5 43. Kb6 e4 44. Kb7 Rf8 45. b5 g6 46. b6 h6 47. Kc6 g5 48. hxg5 hxg5 49. b7 Rb8 50. Kc7 Rxb7+ 51. Kxb7 f4 52. gxf4 gxf4 53. Kc6 e3 54.
fxe3 fxe3 55. Kd5 e2 56. Rb1 Kf2 57. Kd6 e1=Q 58. Rxe1 Kxe1 1/2-1/2